 Dungeon Crawl Stone Soup version 0.27-a0-1416-g941b2bd30b (webtiles) character file.

Game seed: 14594133544919806617

1400 trckry the Arsonist (level 8, -4/41 HPs)
             Began as a Deep Elf Fire Elementalist on July 1, 2021.
             Was an Initiate of Vehumet.
             Killed from afar by an orc wizard (7 damage)
             ... with a puff of flame
             ... on level 6 of the Dungeon on July 2, 2021.
             The game lasted 00:19:18 (8116 turns).

trckry the Arsonist (Deep Elf Fire Elementalist)    Turns: 8116, Time: 00:19:19

Health: -4/41      AC:  4    Str:  7    XL:     8   Next: 41%
Magic:  15/18      EV: 12    Int: 21    God:    Vehumet [......]
Gold:   364        SH:  0    Dex: 15    Spells: 13/17 levels left

rFire    . . .     SeeInvis .   v - +0 whip (drain)
rCold    + . .     Faith    .   (no shield)
rNeg     . . .     Spirit   .   s - +1 robe {Will+}
rPois    .         Reflect  .   (no helmet)
rElec    .         Harm     .   (no cloak)
rCorr    .         Rampage  .   a - +0 pair of gloves
Will     +....                  (no boots)
Stlth    ++........             (no amulet)
HPRegen  0.13/turn              d - ring of protection from cold
MPRegen  0.16/turn              n - +4 ring of slaying

@: no status effects
A: no striking features
a: Renounce Religion


You were on level 6 of the Dungeon.
You worshipped Vehumet.
Vehumet was noncommittal.
You visited 2 branches of the dungeon, and saw 8 of its levels.

You collected 364 gold pieces.

Inventory:

Hand Weapons
 v - a +0 whip of draining (weapon)
Missiles
 i - a throwing net
 q - 8 poisoned darts (quivered)
Armour
 a - a +0 pair of gloves (worn)
 s - a +1 robe of willpower (worn)
Jewellery
 d - a ring of protection from cold (left hand)
 n - a +4 ring of slaying (right hand)
Wands
 y - a wand of paralysis (13)
Scrolls
 e - a scroll of teleportation {unknown}
 f - a scroll of silence {unknown}
 g - 4 scrolls of fear {unknown}
 h - a scroll of blinking {unknown}
 j - a scroll of enchant armour {unknown}
 k - 4 scrolls of identify {unknown}
 l - 2 scrolls of amnesia {unknown}
 p - 5 scrolls of magic mapping {unknown}
 r - a scroll of vulnerability {unknown}
 u - 3 scrolls of acquirement {unknown}
Potions
 b - 3 potions of curing
 c - a potion of invisibility
 m - a potion of flight
 x - a potion of haste


   Skills:
 + Level 0.0 Fighting
 + Level 2.4 Dodging
 - Level 2.4 Stealth
 - Level 5.3 Spellcasting
 * Level 7.6 Conjurations
 * Level 8.3 Fire Magic
 + Level 0.0 Evocations


You had 13 spell levels left.
You knew the following spells:

 Your Spells              Type           Power      Damage    Failure   Level
a - Foxfire               Conj/Fire      100%       2x1d9     1%          1
b - Conjure Flame         Conj/Fire      39%        6-21      1%          3

Your spell library contained the following spells:

 Spells                   Type           Power      Damage    Failure   Level
 Sticky Flame             Conj/Fire      39%        2d6       4%          4
 Inner Flame              Hex/Fire       23%        N/A       6%          3
 Corona                   Hex            5%         N/A       11%         1
 Freeze                   Ice            20%        1d4       11%         1
 Fireball                 Conj/Fire      19%        3d9       11%         5
 Blink                    Tloc           N/A        N/A       16%         2
 Ensorcelled Hibernation  Hex/Ice        10%        N/A       16%         2
 Hailstorm                Conj/Ice       21%        3d6       22%         4
 Frozen Ramparts          Ice            10%        1d3       30%         3
 Tukima's Dance           Hex            5%         N/A       30%         3
 Manifold Assault         Tloc           5%         N/A       96%         5
 Storm Form               Tmut/Air       2%         N/A       100%        7


Dungeon Overview and Level Annotations

Branches:
Dungeon (7/15)             Temple (1/1) D:4

Altars:
Ashenzari
Cheibriados
Fedhas
Gozag
Kikubaaqudgha
Makhleb
Okawaru
Ru
Sif Muna
Trog
Uskayaw
Vehumet
Xom
Yredelemnul
Zin

Shops:
D:6 =


Message History

The orc closely misses you.
The orc wizard gestures at you while chanting.
The puff of flame hits you!
You take 10 damage, and have 15/41 hp.
MASSIVE DAMAGE!!
You now have 15/18 mp.
The foxfire hits the orc wizard but does no damage.
The orc wizard is moderately wounded.
The foxfire hits the orc wizard but does no damage.
The orc wizard is moderately wounded.
Casting: Foxfire (safe; 1% risk of failure)
Confirm with . or Enter, or press ? or * to list all spells.
You conjure some foxfire!
The orc barely misses you.
The orc wizard hits you with a +0 dagger.
You take 1 damage, and have 15/41 hp.
You now have 14/18 mp.
Your foxfire dissipates!
The foxfire hits the orc wizard!
The orc wizard is almost dead.
Casting: Foxfire (safe; 1% risk of failure)
Confirm with . or Enter, or press ? or * to list all spells.
You conjure some foxfire!
The orc wizard casts a spell at you. The puff of flame hits you!
* * * LOW HITPOINT WARNING * * *
The foxfire hits the orc.
The orc is moderately wounded.
You take 10 damage, and have 5/41 hp.
MASSIVE DAMAGE!!
You now have 14/18 mp.
The foxfire hits the orc wizard.
The orc wizard is almost dead.
Throw: 9 darts (poison)
Press: ? - help, Q - select action, (/) - cycle Shift-Dir - straight line, f - orc wizard
Aim: an orc wizard, wielding a +0 dagger and wearing a +0 robe (almost dead, 56% to hit)
You throw a poisoned dart.
The poisoned dart barely misses the orc wizard.
The poisoned dart hits the orc.
The orc is moderately wounded.
The orc wizard hits you with a +0 dagger.
* * * LOW HITPOINT WARNING * * *
You take 3 damage, and have 3/41 hp.
The orc wizard points at you and mumbles some strange words.
The puff of flame hits you!
You die...

...............#...).............
^...#..............>......######[
...##...........###.........)...<
..####..........# ###...####.....
.##............## ##..# #.....
###............(### ##.# #.....
##....##..##oo#.####..## ##....
####...########.#...#....####.###
.#.....##.####..@..........#..##.
......................###..##.##.
..........##..........####.##.##.
..........##.....###...###.......
................##.......#...#.#.
.......................#'##.#####
##...............##..#.'∩+..# #
###.................###+#..####
#.....#.............#..#.##..##


You could see an orc wizard and an orc.

Vanquished Creatures
  A steam dragon (D:6)
  A water moccasin (D:6)
  An ogre (D:5)
  A necrophage (D:4)
  An orc warrior (D:6)
  A black bear (D:5)
  2 centaurs
  A scorpion (D:6)
  A water moccasin skeleton (D:5)
  A crimson imp (D:6)
  A jelly (D:6)
  An orc priest (D:4)
  2 hounds
  2 iguanas (D:5)
  An orc wizard (D:4)
  9 adders
  7 gnolls
  A white imp (D:6)
  3 worms
  3 dart slugs
  13 orcs
  10 bats
  8 endoplasms
  A giant cockroach (D:2)
  10 goblins
  12 hobgoblins
  7 jackals
  8 quokkas
  8 ball pythons
  5 frilled lizards
  7 kobolds
  4 rats
134 creatures vanquished.

Vanquished Creatures (others)
  538 foxfires
538 creatures vanquished.

Grand Total: 672 creatures vanquished

Notes
Turn   | Place    | Note
-------+----------+-------------------------------------------
     0 | D:1      | trckry the Deep Elf Fire Elementalist began the quest for
                  | the Orb.
     0 | D:1      | Reached XP level 1. HP: 10/10 MP: 6/6
   228 | D:1      | Reached XP level 2. HP: 15/15 MP: 5/8
   705 | D:1      | Reached skill level 4 in Fire Magic
   785 | D:1      | Reached XP level 3. HP: 19/19 MP: 6/9
  1632 | D:2      | Learned a level 3 spell: Conjure Flame
  1733 | D:2      | Found a faded altar of an unknown god.
  2490 | D:2      | Reached XP level 4. HP: 24/24 MP: 4/10
  3320 | D:3      | Reached skill level 5 in Fire Magic
  3334 | D:3      | Reached XP level 5. HP: 28/28 MP: 9/11
  3757 | D:3      | Found a hide-covered altar of Uskayaw.
  4193 | D:4      | Found a staircase to the Ecumenical Temple.
  4200 | Temple   | Entered the Ecumenical Temple
  4888 | D:4      | Reached XP level 6. HP: 10/32 MP: 6/12
  4909 | D:4      | HP: 1/32 [orc priest/divine providence (11)]
  4920 | D:4      | Reached skill level 5 in Conjurations
  4920 | D:4      | Reached skill level 6 in Fire Magic
  5656 | D:5      | Entered Level 5 of the Dungeon
  5960 | D:5      | Reached XP level 7. HP: 36/36 MP: 10/13
  6249 | D:5      | Found a shimmering blue altar of Sif Muna.
  6358 | D:5      | Reached skill level 7 in Fire Magic
  6953 | D:6      | Reached XP level 8. HP: 41/41 MP: 8/17
  6995 | D:6      | Reached skill level 5 in Spellcasting
  6995 | D:6      | Reached skill level 8 in Fire Magic
  7211 | D:6      | Noticed a two-headed ogre
  7506 | D:6      | Found an iron altar of Okawaru.
  7595 | D:6      | Found Seibikk's Jewellery Shop.
  7792 | D:6      | Found a burning altar of Makhleb.
  7932 | D:6      | Found a radiant altar of Vehumet.
  7937 | D:6      | Became a worshipper of Vehumet
  8042 | D:6      | Found a blossoming altar of Fedhas.
  8109 | D:6      | HP: 5/41 [orc wizard/puff of flame (10)]
  8115 | D:6      | HP: 3/41 [orc wizard (3)]
  8116 | D:6      | Killed from afar by an orc wizard

Illustrated notes

Levels and vault maps discovered:
D:1:      heliophobic_arrival_glass_houses, layout_loops_corners, st_stairs_1
D:2:      layout_basic, dilly_ecumenical_altar_fadedgnrine, st_stairs_5,
          minmay_tetromino_l4
D:3:      layout_basic, nicolae_uskayaw_suspiria
D:4:      layout_cave_pods, minmay_temple_entry_crystal_x,
          kennysheep_small_circle
D:5:      layout_loops_ring, overflow_temple_1_default, item_on_display_a
D:6:      layout_cave_pools, grunt_temple_overflow_lords_of_destruction,
          amcnicky_altar_gilded, general_overflow_altar, serial_shops,
          nicolae_shop_behind_doors, palyth_stone_intersect
D:7:      layout_rooms, gammafunk_ghost_hive, uniq_menkaure
Temple:   compressed_dpeg_triangle_lava_temple

Skill      XL: |  1  2  3  4  5  6  7  8 |
---------------+-------------------------+-----
Conjurations   | 2 3 4 5 7 |  7.6
Fire Magic     | 4 5 6 7 8 |  8.3
Spellcasting   | 4 5 |  5.3
Dodging        | |  2.4
Stealth        | |  2.4

Action                   |  1- 3 |  4- 6 |  7- 9 || total
-------------------------+-------+-------+-------++-------
Melee: Unarmed           |       |     3 |       ||     3
       Whip              |       |     1 |    13 ||    14
Throw: Dart              |       |       |     6 ||     6
 Cast: Foxfire           |   111 |   137 |    95 ||   343
       Conjure Flame     |       |       |     5 ||     5
  Use: Potion            |       |     8 |       ||     8
Armor: Robe              |     2 |     8 |     7 ||    17
Dodge: Dodged            |     4 |    20 |    18 ||    42

Table legend: (Time is in decaauts)
 A = Elapsed time spent in this place.
 B = Non-inter-level travel time spent in this place.
 C = Inter-level travel time spent in this place.
 D = Time resting spent in this place.
 E = Time spent auto-exploring this place.
 F = Levels seen in this place.
 G = Mean time per level.
                   A        B        C        D        E       F      G
               +--------+--------+--------+--------+--------+-----+--------+
         Total |   8104 |   7872 |    232 |    605 |   6170 |   8 | 1013.0 |
       Dungeon |   7823 |   7601 |    222 |    605 |   5906 |   7 | 1117.6 |
        Temple |    281 |    271 |     10 |      0 |    264 |   1 |  281.0 |
               +--------+--------+--------+--------+--------+-----+--------+

Top non-repeatable levels by time:
     D:1: 1627 daAuts
     D:4: 1429 daAuts
     D:5: 1411 daAuts
     D:2: 1407 daAuts
     D:6: 1047 daAuts
     D:3: 896 daAuts
  Temple: 281 daAuts
     D:7: 4 daAuts
